 Dungeon Crawl Stone Soup version 0.28-a0-1038-g9c4cb8273d (webtiles) character file.

Game seed: 18162787634883960219

17 jlumianski the Skirmisher (level 2, -1/19 HPs)
             Began as a Gargoyle Monk on Dec 8, 2021.
             Was an Initiate of Makhleb.
             Slain by a frilled lizard (2 damage)
             ... on level 2 of the Dungeon.
             The game lasted 00:02:13 (735 turns).

jlumianski the Skirmisher (Gargoyle Monk)            Turns: 735, Time: 00:02:13

Health: -1/19      AC:  4    Str: 14    XL:     2   Next: 62%
Magic:  2/2        EV: 12    Int: 10    God:    Makhleb [......]
Gold:   2          SH:  0    Dex: 12    Spells: 1/1 levels left

rFire   . . .      SeeInvis .   a - +0 hand axe
rCold   . . .      Faith    .   (no shield)
rNeg    + . .      Spirit   .   b - +0 robe
rPois   ∞          Reflect  .   (no helmet)
rElec   +          Harm     .   (no cloak)
rCorr   .          Rampage  .   (no gloves)
Will    .....                   (no boots)
Stlth   ++........              (no amulet)
HPRegen 0.06/turn               (no ring)
MPRegen 0.08/turn               (no ring)

@: no status effects
A: sickness immunity, AC +2, negative energy resistance 1, electricity
resistance, torment resistance 1, petrification resistance
a: Renounce Religion


You were on level 2 of the Dungeon.
You worshipped Makhleb.
Makhleb was noncommittal.
You visited 1 branch of the dungeon, and saw 2 of its levels.

You collected 2 gold pieces.

Inventory:

Hand Weapons
 a - a +0 hand axe (weapon)
Missiles
 d - 24 arrows
Armour
 b - a +0 robe (worn)
Scrolls
 e - a scroll of enchant weapon {unknown}


   Skills:
 + Level 3.6 Fighting
 + Level 3.1 Axes
 + Level 2.6 Dodging
 + Level 2.2 Stealth


You had one spell level left.
You didn't know any spells.
Your spell library was empty.

Dungeon Overview and Level Annotations

Branches:
Dungeon (2/15)

Altars:
Makhleb
Xom


Innate Abilities, Weirdness & Mutations

You are immune to sickness and miasma.
Your stone body is resilient. (AC +2)
You are immune to poison.
You resist negative energy. (rN+)
You are resistant to electric shocks. (rElec)
You are resistant to unholy torment.
You are immune to petrification.


Message History

The frilled lizard misses you. The frilled lizard barely misses you.
The frilled lizard bites you.
* * * LOW HITPOINT WARNING * * *
The frilled lizard barely misses you. The frilled lizard closely misses you.
The frilled lizard bites you but does no damage.
The frilled lizard closely misses you. The frilled lizard closely misses you.
The frilled lizard barely misses you.
The frilled lizard bites you but does no damage.
The frilled lizard closely misses you.
The frilled lizard completely misses you.
The frilled lizard closely misses you. The frilled lizard closely misses you.
The frilled lizard closely misses you. The frilled lizard closely misses you.
The frilled lizard bites you but does no damage.
The frilled lizard bites you but does no damage.
The frilled lizard barely misses you.
The frilled lizard bites you but does no damage.
The frilled lizard bites you but does no damage.
The frilled lizard bites you but does no damage.
The frilled lizard closely misses you. The frilled lizard closely misses you.
The frilled lizard misses you. The frilled lizard barely misses you.
The frilled lizard bites you but does no damage.
The frilled lizard closely misses you. The frilled lizard bites you.
* * * LOW HITPOINT WARNING * * *
The frilled lizard misses you.
The frilled lizard bites you but does no damage.
The frilled lizard closely misses you. The frilled lizard barely misses you.
The frilled lizard bites you but does no damage.
The frilled lizard barely misses you. The frilled lizard closely misses you.
The frilled lizard bites you.
You die...

....# #+# #.# ..#.#
.. #.# ###†# #.##.#
#.# #..#.###### #.#
##.#.#....# #.#
#.......#.# #.#
#.#..####.# #.#
#†#.>.....# ###.#
#.##.....@#
.##.####.##.#...l#
.##......#..#.....#
.#########.#####.##
.# #. ...# ## ##
##.# .. ##


You could see a frilled lizard.

Vanquished Creatures
  A bat (D:2)
  An endoplasm (D:1)
  2 goblins
  A hobgoblin (D:1)
  5 jackals
  A quokka (D:1)
  A ball python (D:1)
  A kobold (D:1)
  A rat (D:2)
14 creatures vanquished.

Notes
Turn   | Place    | Note
-------+----------+-------------------------------------------
     0 | D:1      | jlumianski the Gargoyle Monk began the quest for the Orb.
     0 | D:1      | Reached XP level 1. HP: 14/14 MP: 1/1
    16 | D:1      | Found a faded altar of an unknown god.
    39 | D:1      | Prayed at the altar of an unknown god.
    39 | D:1      | Became a worshipper of Xom of Chaos
    90 | D:1      | XOM: silly message
   113 | D:1      | XOM: divination: detect items
   330 | D:1      | Reached XP level 2. HP: 5/19 MP: 2/2
   378 | D:2      | Found a burning altar of Makhleb.
   391 | D:2      | Fell from the grace of Xom
   391 | D:2      | Became a worshipper of Makhleb the Destroyer
   735 | D:2      | Slain by a frilled lizard

Illustrated notes

Levels and vault maps discovered:
D:1:      scummos_arrival_simple_crosswalls, layout_loops_cross, serial_shops,
          nicolae_shop_stone, ebering_ecumenical_altar_ruins, minmay_circled_x
D:2:      layout_basic, basic_altar, nicolae_concentric_dashed_squares_mild,
          corexii_corridor_pit

Skill      XL: |  1  2 |
---------------+-------+-----
Axes           | 3 |  3.1
Fighting       | |  3.6
Dodging        | |  2.6
Stealth        | |  2.2

Action                   || total
-------------------------++-------
Melee: Hand axe          ||    48
  Use: Scroll            ||     1
 Stab: Sleeping          ||     1
Armor: Robe              ||    28
Dodge: Dodged            ||    72

Table legend: (Time is in decaauts)
 A = Elapsed time spent in this place.
 B = Non-inter-level travel time spent in this place.
 C = Inter-level travel time spent in this place.
 D = Time resting spent in this place.
 E = Time spent auto-exploring this place.
 F = Levels seen in this place.
 G = Mean time per level.
                   A        B        C        D        E       F      G
               +--------+--------+--------+--------+--------+-----+--------+
         Total |    742 |    742 |      0 |      0 |    451 |   2 |  371.0 |
       Dungeon |    742 |    742 |      0 |      0 |    451 |   2 |  371.0 |
               +--------+--------+--------+--------+--------+-----+--------+

Top non-repeatable levels by time:
     D:2: 402 daAuts
     D:1: 340 daAuts
